| TOP OF THE 1ST |
|
San Francisco Giants batting - Pitching for St. Louis Cardinals : RHP Keith Anter
|
|
Pitching: RHP Keith Anter
|
|
|
Batting: SHB Ryan Doss
|
0-0: Called Strike 0-1: Ball 1-1: Ball 2-1: Ball 3-1: Ground out 2-3 (Groundball, 15S, EV 62.5 MPH)
|
|
Batting: RHB Lucan Esini
|
0-0: Foul Ball, location: 2F 0-1: Foul Ball, location: 2F 0-2: Fly out, F9 (Flyball, 9, EV 92.5 MPH)
|
|
Batting: RHB Sean Zielinski
|
0-0: Called Strike 0-1: Foul Ball, location: 2F 0-2: Foul Ball, location: 2F 0-2: Ball 1-2: Ball 2-2: Ground out 5-3 (Groundball, 56S, EV 91.9 MPH)
|
| Top of the 1st over - 0 runs, 0 hits, 0 errors, 0 left on base; San Francisco 0 - St. Louis 0 |
| BOTTOM OF THE 1ST |
|
St. Louis Cardinals batting - Pitching for San Francisco Giants : RHP Keith Kidd
|
|
Pitching: RHP Keith Kidd
|
|
|
Batting: LHB Ichiro Toyota
|
0-0: Ball 1-0: SINGLE (Flyball, 78S, EV 100.0 MPH)
|
|
Batting: LHB Pat Sutton
|
0-0: Bunted foul 0-1: Sac Bunt to 25 - play at first, batter OUT! 5-3 Ichiro Toyota to second
|
|
Batting: SHB Antoine Roux
|
0-0: Ball 1-0: Swinging Strike 1-1: Called Strike 1-2: Ball 2-2: Ball Wild Pitch! Ichiro Toyota to third 3-2: Foul Ball, location: 2F 3-2: Fly out, F6 (Popup, 6MD, EV 65.0 MPH)
|
|
Batting: RHB Melvin Enriquez
|
0-0: Fly out, F9 (Line Drive, 9S, EV 85.6 MPH)
|
| Bottom of the 1st over - 0 runs, 1 hit, 0 errors, 1 left on base; San Francisco 0 - St. Louis 0 |
| TOP OF THE 2ND |
|
San Francisco Giants batting - Pitching for St. Louis Cardinals : RHP Keith Anter
|
|
Batting: LHB Jack Henningar
|
0-0: Swinging Strike 0-1: Called Strike 0-2: Strikes out swinging, 2-3 out at first.
|
|
Batting: LHB Tom Best
|
0-0: Ball 1-0: Called Strike 1-1: Swinging Strike 1-2: Ball 2-2: Strikes out looking
|
|
Batting: SHB Bill Dooms
|
0-0: Foul Ball, location: 2F 0-1: Ball 1-1: Foul Ball, location: 2F 1-2: Strikes out swinging
|
| Top of the 2nd over - 0 runs, 0 hits, 0 errors, 0 left on base; San Francisco 0 - St. Louis 0 |
| BOTTOM OF THE 2ND |
|
St. Louis Cardinals batting - Pitching for San Francisco Giants : RHP Keith Kidd
|
|
Batting: SHB Chris Blue
|
0-0: Ball 1-0: Ground out 4-3 (Groundball, 4, EV 83.8 MPH)
|
|
Batting: RHB Klaas Meij
|
0-0: Called Strike 0-1: Ball 1-1: Called Strike 1-2: Strikes out swinging
|
|
Batting: RHB Joe Alley
|
0-0: Called Strike 0-1: Ball 1-1: Ground out 6-3 (Groundball, 6, EV 86.9 MPH)
|
| Bottom of the 2nd over - 0 runs, 0 hits, 0 errors, 0 left on base; San Francisco 0 - St. Louis 0 |
| TOP OF THE 3RD |
|
San Francisco Giants batting - Pitching for St. Louis Cardinals : RHP Keith Anter
|
|
Batting: RHB Bill Defazio
|
0-0: Called Strike 0-1: Foul Ball, location: 2F 0-2: Ball 1-2: Ball 2-2: Foul Ball, location: 2F 2-2: Strikes out swinging
|
|
Batting: LHB John Blair
|
0-0: Foul Ball, location: 2F 0-1: Swinging Strike 0-2: Strikes out looking
|
|
Batting: LHB Dillon Gonzalez
|
0-0: Foul Ball, location: 2F 0-1: Called Strike 0-2: Ball 1-2: Ball 2-2: Foul Ball, location: 2F 2-2: Strikes out swinging
|
| Top of the 3rd over - 0 runs, 0 hits, 0 errors, 0 left on base; San Francisco 0 - St. Louis 0 |
| BOTTOM OF THE 3RD |
|
St. Louis Cardinals batting - Pitching for San Francisco Giants : RHP Keith Kidd
|
|
Batting: SHB Jason Kirby
|
0-0: Ball 1-0: Ball 2-0: Called Strike 2-1: Foul Ball, location: 2F 2-2: Ball 3-2: SINGLE (Groundball, 4S, EV 94.4 MPH)
|
|
Batting: LHB Adam Eisen
|
0-0: Called Strike 0-1: Ball 1-1: Swinging Strike 1-2: Strikes out looking
|
|
Batting: LHB Ichiro Toyota
|
0-0: Ball 1-0: Foul Ball, location: 2F 1-1: Foul Ball, location: 2F 1-2: Ball 2-2: Foul Ball, location: 2F 2-2: Grounds into double play, 6-4-3 (Groundball, 6, EV 76.9 MPH)
|
| Bottom of the 3rd over - 0 runs, 1 hit, 0 errors, 0 left on base; San Francisco 0 - St. Louis 0 |
| TOP OF THE 4TH |
|
San Francisco Giants batting - Pitching for St. Louis Cardinals : RHP Keith Anter
|
|
Batting: SHB Ryan Doss
|
0-0: Called Strike 0-1: Foul Ball, location: 2F 0-2: Foul Ball, location: 2F 0-2: Ball 1-2: Ground out U3 (Groundball, 3, EV 83.8 MPH)
|
|
Batting: RHB Lucan Esini
|
0-0: Swinging Strike 0-1: Ball 1-1: Foul Ball, location: 2F 1-2: Ball 2-2: SINGLE (Groundball, 6S, EV 66.9 MPH) (infield hit)
|
|
Batting: RHB Sean Zielinski
|
0-0: Ball 1-0: Called Strike 1-1: Ball 2-1: Ball 3-1: Base on Balls Lucan Esini to second
|
|
Batting: LHB Jack Henningar
|
0-0: Grounds into double play, 4-6-3 (Groundball, 4, EV 99.4 MPH)
|
| Top of the 4th over - 0 runs, 1 hit, 0 errors, 1 left on base; San Francisco 0 - St. Louis 0 |
| BOTTOM OF THE 4TH |
|
St. Louis Cardinals batting - Pitching for San Francisco Giants : RHP Keith Kidd
|
|
Batting: LHB Pat Sutton
|
0-0: Ball 1-0: Foul Ball, location: 2F 1-1: Ball 2-1: Swinging Strike 2-2: Foul Ball, location: 2F 2-2: Strikes out swinging
|
|
Batting: SHB Antoine Roux
|
0-0: Ball 1-0: Fly out, F8 (Flyball, 8RM, EV 83.1 MPH)
|
|
Batting: RHB Melvin Enriquez
|
0-0: Called Strike 0-1: Foul Ball, location: 2F 0-2: Ball 1-2: Ball 2-2: Ball 3-2: Strikes out swinging
|
| Bottom of the 4th over - 0 runs, 0 hits, 0 errors, 0 left on base; San Francisco 0 - St. Louis 0 |
| TOP OF THE 5TH |
|
San Francisco Giants batting - Pitching for St. Louis Cardinals : RHP Keith Anter
|
|
Pitching: LHP Marc Eismann
|
|
|
Now in LF: Fabrice Bertin
|
|
|
Batting: LHB Tom Best
|
0-0: Ball 1-0: Ball 2-0: Foul Ball, location: 2F 2-1: Swinging Strike 2-2: Fly out, F8 (Flyball, 8LM, EV 80.0 MPH)
|
|
Batting: SHB Bill Dooms
|
0-0: Called Strike 0-1: Ball 1-1: DOUBLE (Line Drive, 5D, EV 98.1 MPH)
|
|
Batting: RHB Bill Defazio
|
0-0: Ball 1-0: Fly out, F7 (Flyball, 78S, EV 93.1 MPH)
|
|
Pinch Hitting: RHB Tyler Mapes
|
0-0: Swinging Strike 0-1: Foul Ball, location: 2F 0-2: Strikes out looking
|
| Top of the 5th over - 0 runs, 1 hit, 0 errors, 1 left on base; San Francisco 0 - St. Louis 0 |
| BOTTOM OF THE 5TH |
|
St. Louis Cardinals batting - Pitching for San Francisco Giants : RHP Keith Kidd
|
|
Pitching: LHP Chong-yeol Wong
|
|
|
Now at C: Bob Schweiger
|
|
|
Now in RF: Luis Magdaleno
|
|
|
Batting: SHB Chris Blue
|
0-0: Ball 1-0: SOLO HOME RUN (Flyball, 7D, EV 106.9 MPH), Distance : 411 ft
|
|
Batting: RHB Klaas Meij
|
0-0: Called Strike 0-1: Ground out 6-3 (Groundball, 6, EV 101.9 MPH)
|
|
Batting: RHB Joe Alley
|
0-0: Ball 1-0: DOUBLE (Flyball, 9LD, EV 107.5 MPH)
|
|
Batting: SHB Jason Kirby
|
0-0: Ball 1-0: Called Strike 1-1: Foul Ball, location: 2F 1-2: Foul Ball, location: 2F 1-2: Strikes out swinging
|
|
Batting: LHB Adam Eisen
|
0-0: Ball 1-0: Called Strike 1-1: Ball 2-1: DOUBLE (Groundball, 5L, EV 94.4 MPH) Joe Alley scores
|
|
Pinch Hitting: RHB McGwire Jones
|
0-0: Ground out 5-3 (Groundball, 5S, EV 72.5 MPH)
|
| Bottom of the 5th over - 2 runs, 3 hits, 0 errors, 1 left on base; San Francisco 0 - St. Louis 2 |
| TOP OF THE 6TH |
|
San Francisco Giants batting - Pitching for St. Louis Cardinals : LHP Marc Eismann
|
|
Now at C: Ricky Yerzy
|
|
|
Now at 2B: Billy Guzman
|
|
|
Now in CF: Adam Eisen
|
|
|
Now in RF: McGwire Jones
|
|
|
Batting: LHB Dillon Gonzalez
|
0-0: Ball 1-0: Ball 2-0: Called Strike 2-1: Ball 3-1: Foul Ball, location: 2F 3-2: Foul Ball, location: 2F 3-2: Base on Balls
|
|
Pinch Hitting: RHB Steve Jones
|
0-0: Swinging Strike 0-1: Fly out, F9 (Line Drive, 9, EV 92.5 MPH)
|
|
Pinch Hitting: SHB Alex Ethridge
|
0-0: Foul Ball, location: 2F 0-1: Ball 1-1: Foul Ball, location: 2F 1-2: Ball 2-2: Ball 3-2: Strikes out swinging Dillon Gonzalez is caught stealing 2nd base 2-4 Batter strikes out.
|
| Top of the 6th over - 0 runs, 0 hits, 0 errors, 0 left on base; San Francisco 0 - St. Louis 2 |
| BOTTOM OF THE 6TH |
|
St. Louis Cardinals batting - Pitching for San Francisco Giants : LHP Chong-yeol Wong
|
|
Now at 1B: Francisco Gutierrez
|
|
|
Now at 3B: Bill Defazio
|
|
|
Now at SS: Steve Jones
|
|
|
Now in LF: Ryan Braden
|
|
|
Now in CF: Alex Ethridge
|
|
|
Batting: RHB Mike Bates
|
0-0: Called Strike 0-1: Foul Ball, location: 2F 0-2: SINGLE (Flyball, 89S, EV 88.8 MPH)
|
|
Batting: LHB Billy Guzman
|
0-0: Called Strike 0-1: Foul Ball, location: 2F 0-2: Strikes out swinging
|
|
Pitching: RHP Doug Kennie
|
|
|
Batting: RHB Fabrice Bertin
|
0-0: Foul Ball, location: 2F 0-1: Ball 1-1: Swinging Strike 1-2: Ball 2-2: Foul Ball, location: 2F 2-2: Strikes out looking
|
|
Pinch Hitting: RHB Tyler Walker
|
0-0: Called Strike 0-1: Foul Ball, location: 2F 0-2: Strikes out looking
|
| Bottom of the 6th over - 0 runs, 1 hit, 0 errors, 1 left on base; San Francisco 0 - St. Louis 2 |
| TOP OF THE 7TH |
|
San Francisco Giants batting - Pitching for St. Louis Cardinals : LHP Marc Eismann
|
|
Pitching: LHP John Grinter
|
|
|
Now at 2B: Tyler Walker
|
|
|
Now at SS: Billy Guzman
|
|
|
Pinch Hitting: RHB Nate Hodson
|
0-0: Called Strike 0-1: Ball 1-1: Ball 2-1: Swinging Strike 2-2: DOUBLE (Line Drive, 9LM, EV 106.9 MPH)
|
|
Batting: LHB Ryan Braden
|
0-0: Called Strike 0-1: Ball 1-1: Fly out, F8 (Flyball, 8LM, EV 87.5 MPH)
|
|
Batting: RHB Brian Rogers
|
0-0: Swinging Strike 0-1: Called Strike 0-2: Ball 1-2: Foul Ball, location: 2F 1-2: Fly out, F8 (Flyball, 8RM, EV 76.2 MPH)
|
|
Batting: LHB Luis Magdaleno
|
0-0: Hit by Pitch
|
|
Batting: RHB Bill Defazio
|
0-0: Ball 1-0: Swinging Strike 1-1: Called Strike 1-2: Strikes out swinging
|
| Top of the 7th over - 0 runs, 1 hit, 0 errors, 2 left on base; San Francisco 0 - St. Louis 2 |
| BOTTOM OF THE 7TH |
|
St. Louis Cardinals batting - Pitching for San Francisco Giants : RHP Doug Kennie
|
|
Now at 2B: Nate Hodson
|
|
|
Pinch Hitting: RHB Danny Gallo
|
0-0: Called Strike 0-1: Foul Ball, location: 2F 0-2: Ball 1-2: Foul Ball, location: 2F 1-2: Foul Ball, location: 2F 1-2: Strikes out swinging
|
|
Pinch Hitting: LHB Armando Carbajal
|
0-0: Called Strike 0-1: Called Strike 0-2: Ball 1-2: Foul Ball, location: 2F 1-2: Strikes out swinging
|
|
Batting: RHB Ricky Yerzy
|
0-0: Called Strike 0-1: Foul Ball, location: 2F 0-2: Ball 1-2: Foul Ball, location: 2F 1-2: Ball 2-2: Ball 3-2: Foul Ball, location: 2F 3-2: Base on Balls
|
|
Pitching: RHP Tim Welshman
|
|
|
Pinch Hitting: SHB Gerardo Macias
|
0-0: Swinging Strike 0-1: Called Strike 0-2: Ball 1-2: Strikes out swinging
|
| Bottom of the 7th over - 0 runs, 0 hits, 0 errors, 1 left on base; San Francisco 0 - St. Louis 2 |
| TOP OF THE 8TH |
|
San Francisco Giants batting - Pitching for St. Louis Cardinals : LHP John Grinter
|
|
Now at 1B: Fabrice Bertin
|
|
|
Now at 3B: John Bailey
|
|
|
Now in LF: Gerardo Macias
|
|
|
Now in CF: Danny Gallo
|
|
|
Batting: RHB Bob Schweiger
|
0-0: Ball 1-0: Called Strike 1-1: Ball 2-1: Called Strike 2-2: Strikes out swinging
|
|
Batting: SHB Francisco Gutierrez
|
0-0: Called Strike 0-1: Ball 1-1: Called Strike 1-2: Ball 2-2: Foul Ball, location: 2F 2-2: Ground out 5-3 (Groundball, 56, EV 89.4 MPH)
|
|
Batting: RHB Steve Jones
|
0-0: Called Strike 0-1: Ground out 4-3 (Groundball, 4MS, EV 86.2 MPH)
|
| Top of the 8th over - 0 runs, 0 hits, 0 errors, 0 left on base; San Francisco 0 - St. Louis 2 |
| BOTTOM OF THE 8TH |
|
St. Louis Cardinals batting - Pitching for San Francisco Giants : RHP Tim Welshman
|
|
Batting: RHB McGwire Jones
|
0-0: Ball 1-0: Ball 2-0: DOUBLE (Line Drive, 9LS, EV 100.6 MPH)
|
|
Batting: RHB Mike Bates
|
0-0: Swinging Strike 0-1: Foul Ball, location: 2F 0-2: Foul Ball, location: 2F 0-2: Ball 1-2: Ball 2-2: Strikes out looking
|
|
Batting: LHB Billy Guzman
|
0-0: Called Strike 0-1: Ball 1-1: Called Strike 1-2: Strikes out swinging
|
|
Batting: RHB Fabrice Bertin
|
0-0: Ball 1-0: Ball 2-0: Fly out, F7 (Line Drive, 7, EV 102.5 MPH)
|
| Bottom of the 8th over - 0 runs, 1 hit, 0 errors, 1 left on base; San Francisco 0 - St. Louis 2 |
| TOP OF THE 9TH |
|
San Francisco Giants batting - Pitching for St. Louis Cardinals : LHP John Grinter
|
|
Pitching: RHP Joe Spencer
|
|
|
Batting: SHB Alex Ethridge
|
0-0: Ball 1-0: DOUBLE (Line Drive, 7LS, EV 101.2 MPH)
|
|
Batting: RHB Nate Hodson
|
0-0: SINGLE (Popup, 56D, EV 54.4 MPH) Alex Ethridge to third
|
|
Batting: LHB Ryan Braden
|
0-0: Called Strike 0-1: Swinging Strike 0-2: Ball 1-2: Ball 2-2: Foul Ball, location: 2F 2-2: Strikes out looking
|
|
Batting: RHB Brian Rogers
|
0-0: Swinging Strike 0-1: Ball 1-1: Foul Ball, location: 2F 1-2: Fly out, F7 (Flyball, 78M, EV 81.2 MPH)
|
|
Batting: LHB Luis Magdaleno
|
0-0: Called Strike 0-1: Ball 1-1: SINGLE (Groundball, 6MS, EV 68.8 MPH) (infield hit) Alex Ethridge scores Nate Hodson to second
|
|
Batting: RHB Bill Defazio
|
0-0: Ball 1-0: Foul Ball, location: 2F 1-1: Foul Ball, location: 2F 1-2: Fielders Choice at 2nd, 5-4 (Groundball, 56, EV 88.8 MPH)
|
| Top of the 9th over - 1 run, 3 hits, 0 errors, 2 left on base; San Francisco 1 - St. Louis 2 |
|